 Dungeon Crawl Stone Soup version 0.32-a0-18-g89e19f1974 (webtiles) character file.

Game seed: 13972928517384245573

2481 Newt the Skirmisher (level 9, -7/54 HPs)
             Began as a Kobold Hunter on Jan 16, 2024.
             Was a Follower of Hepliaklqana.
             Mangled by a troll (11 damage)
             ... on level 7 of the Dungeon.
             The game lasted 00:06:17 (5720 turns).

Newt the Skirmisher (Kobold Hunter)                 Turns: 5720, Time: 00:06:17

Health: -7/54      AC:  5    Str:  9    XL:     9   Next: 81%
Magic:  9/9        EV: 19    Int: 10    God:    Hepliaklqana [*.....]
Gold:   351        SH:  0    Dex: 22    Spells: 8/8 levels left

rFire   . . .        m - +2 hand cannon (freeze)
rCold   . . .        (no shield)
rNeg    . . .        k - +2 robe {Will+}
rPois   .            (no helmet)
rElec   .            f - +0 cloak
rCorr   .            (no gloves)
SInv    .            (no boots)
Will    +....        (no amulet)
Stlth   ++           (no ring)
HPRegen 0.29/turn    (no ring)
MPRegen 0.11/turn

%: no passive effects
@: very slow
A: reduced essence, small, no large weapons, nightstalker 3
a: Renounce Religion, Recall Ancestor, Ancestor Identity


You were on level 7 of the Dungeon.
You worshipped Hepliaklqana.
Hepliaklqana was aware of your devotion.
You visited 2 branches of the dungeon, and saw 8 of its levels.

You collected 351 gold pieces.

Inventory:

Hand Weapons
 a - a +1 shortbow of flaming
 m - a +2 hand cannon of freezing (weapon)
Armour
 c - a +0 leather armour
 f - a +0 cloak (worn)
 k - a +2 robe of willpower (worn)
Wands
 j - a wand of iceblast (26)
Scrolls
 b - a scroll of butterflies
 n - a scroll of teleportation
 o - a scroll of fog
Potions
 e - a potion of degeneration
 g - a potion of magic
 h - a potion of resistance
 i - 4 potions of curing


   Skills:
 - Level 9.0 Fighting
 + Level 11.5 Ranged Weapons
 - Level 6.0 Dodging
 - Level 5.0 Stealth


You had 8 spell levels left.
You didn't know any spells.
Your spell library contained the following spells:

 Spells                   Type           Power      Damage    Failure   Level
 Summon Small Mammal      Summ           0%         N/A       36%         1
 Lesser Beckoning         Tloc           0%         N/A       50%         2
 Call Canine Familiar     Summ           0%         N/A       75%         3
 Dazzling Flash           Conj/Hex       0%         N/A       75%         3
 Gell's Gravitas          Tloc           0%         N/A       75%         3
 Sigil of Binding         Hex            0%         N/A       75%         3
 Teleport Other           Tloc           0%         N/A       75%         3
 Volatile Blastmotes      Fire/Tloc      0%         2d10      75%         3
 Dimensional Bullseye     Hex/Tloc       0%         N/A       98%         4
 Summon Blazeheart Golem  Fire/Summ      0%         N/A       98%         4
 Dispersal                Tloc           0%         N/A       100%        6
 Starburst                Conj/Fire      0%         6d3       100%        6
 Maxwell's Capacitive Co  Air            0%         ∞         100%        8


Dungeon Overview and Level Annotations

Branches:
Dungeon (7/15)             Temple (1/1) D:5

Altars:
Ashenzari
Cheibriados
Dithmenos
Fedhas
Gozag
Hepliaklqana
Kikubaaqudgha
Okawaru
Qazlal
Ru
Sif Muna
Trog
Uskayaw
Vehumet
Wu Jian
Xom
Yredelemnul
The Shining One

Annotations:
Temple 2 transporters


Innate Abilities, Weirdness & Mutations

Your life essence is reduced to manifest your ancestor. (-10% HP)
You are small and have problems with some larger weapons.
You are completely attuned to the shadows.


Message History

The kobold attacks as it pursues you! The kobold hits you but does no damage.
The troll barely misses you.
The troll claws you but does no damage. x2
The kobold barely misses you.
Aiming: Iceblast
Press: ? - help, Shift-Dir - straight line, p - troll The mass of ice explodes!
The iceblast engulfs the kobold!!
You kill the kobold!
The iceblast engulfs the kobold!
You kill the kobold!
The iceblast engulfs the kobold!
You kill the kobold!
The troll misses you. The troll closely misses you. The troll claws you.
Unknown command.
Unknown command.
Unknown command.
You shoot a bolt. The bolt closely misses the troll.
The bolt hits the kobold!
The bolt freezes the kobold.
You kill the kobold!
You hear a splash. x2
The kobold brigand hits you with a +0 dagger.
The troll misses you. The troll completely misses you. The troll claws you!
Unknown command.
Unknown command.
You shoot a bolt. The bolt hits the troll.
The bolt freezes the troll.
The troll is almost dead.
The kobold brigand misses you. The troll bites you but does no damage.
The troll claws you.
* * * LOW HITPOINT WARNING * * *
The troll closely misses you.
A goblin comes into view. It is wielding a +0 spear.
The kobold brigand misses you.
Unknown command.
You shoot a bolt. The bolt hits the troll.
The bolt freezes the troll.
The troll is almost dead.
The troll misses you. x2; The troll claws you!
* * * LOW HITPOINT WARNING * * *
The kobold brigand hits you but does no damage.
The troll completely misses you. The troll closely misses you.
The troll claws you!
You die...

#~..## #~....
#. #~f... #..~
#~....
#..~#####f....
##..~g~○@TK....
#......☼KK)...>
##.#.....).....
#..............
#.........#...
##..).....#..
.............
......#....# ..
####
##..###....#
.... #.#.


You could see a troll, a kobold brigand, a sleepcap, a goblin and 2 kobolds.

Vanquished Creatures
  Pikel (D:4)
  Edmund (D:6)
  An orc warrior (D:6)
  A black bear (D:6)
  3 ogres
  A lemure (D:4)
  2 phantoms
  A bullfrog (D:6)
  3 scorpions
  3 wights (D:6)
  2 howler monkeys
  A bombardier beetle (D:5)
  6 hounds
  A jelly (D:6)
  2 orc priests (D:5)
  Crazy Yiuf (D:2)
  Jessica (D:3)
  3 iguanas
  2 orc wizards
  Natasha (thrice) (D:2)
  A sleepcap (D:5)
  Robin (D:3)
  A gnoll (D:5)
  9 adders
  A shadow imp (D:7)
  2 ufetubi (D:6)
  4 dart slugs
  2 ribbon worms
  18 orcs
  7 endoplasms
  8 giant cockroaches
  16 goblins
  8 hobgoblins
  7 jackals
  14 kobolds
  4 quokkas
  15 ball pythons
  4 bats
  3 frilled lizards
  9 rats
173 creatures vanquished.

Vanquished Creatures (others)
  An ancestor (D:7)
1 creature vanquished.

Grand Total: 174 creatures vanquished

Notes
Turn   | Place    | Note
-------+----------+-------------------------------------------
     0 | D:1      | Newt the Kobold Hunter began the quest for the Orb.
     0 | D:1      | Reached XP level 1. HP: 12/12 MP: 1/1
    87 | D:1      | Reached XP level 2. HP: 18/18 MP: 2/2
   263 | D:1      | Reached XP level 3. HP: 20/23 MP: 3/3
   504 | D:1      | You fall into a shaft and drop 1 floor!
   963 | D:2      | Reached XP level 4. HP: 30/30 MP: 4/4
  1051 | D:2      | Noticed Natasha
  1059 | D:2      | Killed Natasha
  1060 | D:2      | Reached skill level 5 in Fighting
  1235 | D:2      | Reached XP level 5. HP: 35/35 MP: 5/5
  1255 | D:2      | Noticed Natasha
  1259 | D:2      | Killed Natasha
  1260 | D:2      | Reached skill level 6 in Ranged Weapons
  1409 | D:2      | Noticed Natasha
  1416 | D:2      | Killed Natasha
  1482 | D:2      | Reached skill level 7 in Ranged Weapons
  1678 | D:2      | Found a runed translucent door.
  1681 | D:2      | Noticed Crazy Yiuf
  1687 | D:2      | Killed Crazy Yiuf
  1688 | D:2      | Reached XP level 6. HP: 31/40 MP: 6/6
  1872 | D:3      | Found an iron altar of Okawaru.
  2070 | D:3      | Noticed Robin
  2088 | D:3      | Killed Robin
  2205 | D:3      | Found a shimmering altar of Xom.
  2302 | D:3      | Reached skill level 8 in Ranged Weapons
  2478 | D:3      | Noticed Jessica
  2481 | D:3      | Killed Jessica
  2492 | D:3      | Found a shimmering blue altar of Sif Muna.
  2866 | D:4      | Reached XP level 7. HP: 36/44 MP: 7/7
  2949 | D:4      | Reached skill level 9 in Ranged Weapons
  3039 | D:4      | Found a broken altar of Ashenzari.
  3190 | D:4      | Noticed Pikel
  3211 | D:4      | Killed Pikel
  3212 | D:4      | Reached skill level 5 in Stealth
  3212 | D:4      | Reached XP level 8. HP: 21/49 MP: 8/8
  3485 | D:4      | Found a sacrificial altar of Ru.
  3495 | D:4      | Found an ornate altar of the Wu Jian Council.
  3600 | D:5      | Entered Level 5 of the Dungeon
  4235 | D:5      | Reached XP level 9. HP: 52/57 MP: 9/9
  4394 | D:5      | Found a staircase to the Ecumenical Temple.
  4460 | Temple   | Found a transporter.
  4460 | Temple   | Found a transporter.
  4460 | Temple   | Found a transporter.
  4460 | Temple   | Found a transporter.
  4460 | Temple   | Entered the Ecumenical Temple
  4476 | Temple   | Became a worshipper of Hepliaklqana the Forgotten
  4803 | D:6      | Identified the +3 war axe "Sonnecw" {antimagic, rN+}
  4811 | D:6      | Reached skill level 10 in Ranged Weapons
  4900 | D:6      | Noticed Edmund
  4908 | D:6      | Killed Edmund
  4909 | D:6      | Reached skill level 11 in Ranged Weapons
  5204 | D:6      | Found a blossoming altar of Fedhas.
  5680 | D:7      | Reached * piety under Hepliaklqana
  5708 | D:7      | Noticed a troll
  5720 | D:7      | Mangled by a troll

Illustrated notes

Levels and vault maps discovered:
D:1:      eino_arrival_cavern_e, layout_loops_ring, minmay_worlds_worst_comb
D:2:      layout_rooms, minmay_increasing_density, uniq_natasha,
          uniq_crazy_yiuf_cottage
D:3:      layout_loops_ring, regret_index_xom_buried_treasure, tgw_sif,
          okawaru_gym_becter, chequers_serial_rivers_micro_c, uniq_robin
D:4:      layout_basic, mainiacjoe_overflow_paths,
          amethyst_overflow_temple_binary, uniq_pikel
D:5:      layout_basic, minmay_temple_entry_nine_rooms,
          small_statue_intersection
D:6:      layout_cave_pools, mainiacjoe_overflow_alcove_2, uniq_edmund
D:7:      layout_cave_pools, enter_bailey_3, minmay_misc_feat_encased,
          grunt_ministairs_3
Temple:   hellmonk_temple_divided_pantheon

Skill      XL: |  1  2  3  4  5  6  7  8  9 |
---------------+----------------------------+-----
Fighting       | 3 4 5 7 9 |  9.0
Ranged Weapons | 7 8 9 11 | 11.5
Dodging        | 6 |  6.0
Stealth        | 5 |  5.0

Action                     |  1- 3 |  4- 6 |  7- 9 || total
---------------------------+-------+-------+-------++-------
   Fire: Shortbow          |    94 |   143 |    86 ||   323
         Hand cannon       |       |       |    95 ||    95
  Evoke: Wand              |       |       |     1 ||     1
    Use: Scroll            |     3 |     3 |     5 ||    11
         Potion            |       |       |     3 ||     3
 Armour: Leather armour    |    19 |    31 |     9 ||    59
         Robe              |       |       |    33 ||    33
  Dodge: Dodged            |    28 |    47 |    85 ||   160

Table legend: (Time is in decaauts)
 A = Elapsed time spent in this place.
 B = Non-inter-level travel time spent in this place.
 C = Inter-level travel time spent in this place.
 D = Time resting spent in this place.
 E = Time spent auto-exploring this place.
 F = Levels seen in this place.
 G = Mean time per level.
                   A        B        C        D        E       F      G
               +--------+--------+--------+--------+--------+-----+--------+
         Total |   5797 |   5608 |    189 |    642 |   4132 |   8 |  724.6 |
       Dungeon |   5766 |   5584 |    182 |    642 |   4132 |   7 |  823.7 |
        Temple |     30 |     23 |      7 |      0 |      0 |   1 |   30.0 |
               +--------+--------+--------+--------+--------+-----+--------+

Top non-repeatable levels by time:
     D:6: 1012 daAuts
     D:5: 954 daAuts
     D:1: 929 daAuts
     D:2: 926 daAuts
     D:3: 916 daAuts
     D:4: 863 daAuts
     D:7: 163 daAuts
  Temple: 30 daAuts
